Map: Echo LE (Void)

Players

Wintersc2 (Winter) - Winner!

  • Race: Protoss Protoss

llllllllllll (Harstem)

  • Race: Protoss Protoss

VOD

Have the link to the VOD?

Description

Time

  • Played on: April 8, 2015, 6:21 p.m.
  • Length: 16:51
Show
View Real Time Build Order
Export as new Build Order

Wintersc2 Protoss - Winner!

Build Orders: Oracle Opening, Phoenix Opening, Phoenix Opening 

Get SALT Encoding   

  12  0:08  Probe  
  13  0:15  Pylon  
  13  0:20  Probe  
  14  0:33  Probe (Chrono Boost)  
  16  0:43  Gateway, Probe (Chrono Boost)  
  16  0:50  Probe  
  16  0:53  Assimilator  
  17  0:57  Pylon  
  17  1:03  Probe (Chrono Boost)  
  18  1:13  Probe (Chrono Boost)  
  19  1:20  Probe  
  20  1:32  Probe  
  21  1:33  Cybernetics Core  
  21  1:44  Probe  
  22  1:52  Nexus  
  22  2:01  Pylon  
  22  2:03  Probe (Chrono Boost)  
  23  2:08  Assimilator  
  23  2:15  Probe (Chrono Boost)  
  24  2:20  Warp Gate  
  26  2:23  Mothership Core (Chrono Boost)  
  26  2:41  Probe  
  27  2:53  Probe  
  27  2:56  Stargate  
  29  3:07  Probe (Chrono Boost)  
  29  3:08  Gateway, Probe (Chrono Boost)  
  30  3:15  Assimilator  
  30  3:22  Stalker  
  32  3:42  Stargate  
  33  3:48  Probe (Chrono Boost)  
  33  3:50  Phoenix (Chrono Boost)  
  33  3:52  Probe (Chrono Boost)  
  35  4:00  Probe (Chrono Boost)  
  35  4:02  Pylon  
  37  4:06  Probe (Chrono Boost)  
  37  4:08  Probe (Chrono Boost)  
  37  4:09  Oracle (Chrono Boost)  
  41  4:10  Assimilator  
  41  4:14  Probe (Chrono Boost)  
  41  4:15  Probe (Chrono Boost)  
  43  4:21  Forge  
  44  4:25  Probe (Chrono Boost)  
  44  4:29  Probe (Chrono Boost)  
  48  4:32  Probe (Chrono Boost)  
  48  4:34  Oracle (Chrono Boost)  
  49  4:40  Probe  
  54  4:50  Void Ray (Chrono Boost)  
  54  4:56  Probe  
  55  5:00  Photon Cannon x2  
  59  5:14  Pylon  
  59  5:17  Void Ray (Chrono Boost)  
  59  5:20  Photon Cannon  
  59  5:31  Probe  
  59  5:34  Zealot x2  
  64  5:39  Probe  
  65  5:44  Fleet Beacon  
  65  6:01  Probe  
  66  6:11  Pylon  
  66  6:12  Carrier (Chrono Boost)  
  66  6:15  Probe  
  66  6:16  Pylon  
  66  6:17  Pylon  
  67  6:24  Probe, Carrier (Chrono Boost)  
  68  6:29  Probe  
  81  6:51  Probe  
  82  6:55  Photon Cannon  
  82  6:56  Graviton Catapult (Chrono Boost), Photon Cannon  
  82  7:00  Probe  
  83  7:03  Probe  
  83  7:05  Protoss Air Weapons Level 1  
  83  7:08  Pylon  
  84  7:10  Pylon  
  84  7:19  Carrier (Chrono Boost)  
  90  7:38  Probe  
  91  7:46  Probe  
  92  7:53  Nexus  
  92  7:57  Probe  
  93  8:03  Probe  
  93  8:04  Carrier (Chrono Boost)  
  94  8:07  Pylon  
  94  8:13  Pylon  
  94  8:16  Carrier (Chrono Boost)  
  100  8:20  Probe x2  
  102  8:32  Probe  
  102  8:33  Probe  
  110  8:47  Probe  
  111  8:51  Probe  
  105  9:11  Carrier  
  105  9:35  Probe x3  
  114  9:47  Probe x3  
  117  9:57  Photon Cannon  
  117  9:59  Probe  
  118  10:01  Photon Cannon, Carrier (Chrono Boost)  
  118  10:02  Photon Cannon  
  118  10:04  Photon Cannon  
  117  10:10  Photon Cannon x2  
  117  10:11  Protoss Air Weapons Level 2  
  117  10:12  Photon Cannon  
  110  10:26  Stargate  
  110  10:27  Probe x3  
  113  10:39  Probe x2  
  115  10:52  Probe x2  
  115  10:55  Assimilator  
  117  10:57  Assimilator  
  117  11:04  Carrier (Chrono Boost)  
  123  11:24  Carrier (Chrono Boost)  
  123  11:30  Photon Cannon  
  129  11:40  Oracle (Chrono Boost)  
  129  11:55  Pylon  
  129  11:57  Pylon  
  129  11:58  Pylon x2  
  129  11:59  Pylon  
  129  12:07  Carrier (Chrono Boost)  
  135  12:19  Carrier (Chrono Boost)  
  135  12:22  Carrier (Chrono Boost)  
  138  12:35  Protoss Air Weapons Level 3  
  153  13:09  Oracle (Chrono Boost)  
  153  13:21  Carrier (Chrono Boost)  
  153  13:24  Carrier (Chrono Boost)  
  153  13:26  Carrier (Chrono Boost)  
  162  13:56  Probe  
  163  14:11  Nexus  
  163  14:12  Mothership Core (Chrono Boost)  
  163  14:14  Pylon  
  165  14:17  Pylon  
  165  14:21  Pylon  
  165  14:22  Pylon  
  149  15:07  Probe  
  149  15:10  Fleet Beacon  
Show
View Real Time Build Order
Export as new Build Order

llllllllllll Protoss 

Build Orders: 1 Gate Expand, Blink Stalkers, Skytoss, Zealot Archon 

Get SALT Encoding   

  12  0:01  Probe  
  13  0:18  Probe  
  13  0:20  Pylon  
  14  0:38  Probe (Chrono Boost)  
  15  0:44  Gateway  
  16  0:50  Probe (Chrono Boost), Assimilator  
  16  0:56  Probe (Chrono Boost)  
  17  1:07  Probe (Chrono Boost)  
  18  1:16  Probe (Chrono Boost)  
  19  1:24  Probe  
  20  1:32  Cybernetics Core  
  20  1:38  Nexus  
  20  1:41  Probe  
  21  1:48  Pylon  
  21  1:56  Probe (Chrono Boost), Assimilator  
  22  2:07  Probe (Chrono Boost)  
  23  2:12  Adept (Chrono Boost)  
  25  2:17  Mothership Core  
  27  2:27  Warp Gate (Chrono Boost)  
  27  2:32  Pylon  
  27  2:48  Probe  
  27  2:50  Robotics Facility  
  28  2:57  Probe  
  29  3:00  Probe  
  29  3:04  Gateway  
  30  3:06  Gateway  
  30  3:09  Probe  
  30  3:12  Probe  
  32  3:21  Probe  
  32  3:24  Probe  
  34  3:33  Probe  
  33  3:36  Probe, Assimilator  
  33  3:38  Assimilator  
  34  3:44  Warp Prism (Chrono Boost)  
  34  3:45  Probe  
  37  3:48  Probe  
  37  3:50  Twilight Council  
  38  3:57  Probe  
  43  4:12  Immortal (Chrono Boost)  
  43  4:14  Probe x2  
  45  4:21  Pylon  
  45  4:25  Stalker  
  45  4:26  Stalker x2  
  45  4:31  Blink (Chrono Boost)  
  51  4:37  Probe  
  52  4:39  Probe  
  57  4:52  Immortal (Chrono Boost)  
  57  4:55  Zealot  
  57  4:57  Pylon  
  59  5:12  Gateway  
  59  5:13  Gateway  
  58  5:22  Zealot  
  58  5:23  Zealot x2  
  62  5:42  Forge  
  62  5:44  Stalker x2  
  62  5:45  Stalker  
  66  6:02  Probe x2 (Chrono Boost)  
  68  6:10  Nexus  
  68  6:12  Forge  
  68  6:20  Protoss Ground Weapons Level 1 (Chrono Boost)  
  68  6:23  Pylon  
  68  6:28  Pylon  
  68  6:33  Photon Cannon  
  68  6:34  Photon Cannon  
  68  6:37  Observer (Chrono Boost)  
  67  6:43  Stalker x3  
  73  6:49  Templar Archives  
  73  6:50  Probe  
  74  6:57  Photon Cannon  
  74  7:07  Stalker x2  
  78  7:10  Observer (Chrono Boost)  
  78  7:15  Pylon  
  79  7:21  Psionic Storm  
  79  7:26  High Templar x3  
  85  7:33  Protoss Ground Armor Level 1 (Chrono Boost)  
  85  7:39  High Templar  
  85  7:44  Probe x3  
  88  7:58  Protoss Ground Weapons Level 2 (Chrono Boost)  
  88  8:01  Assimilator x2  
  88  8:04  Pylon  
  88  8:09  Warp Prism (Chrono Boost)  
  90  8:21  Stalker  
  90  8:22  Stalker x2  
  90  8:23  Charge  
  96  8:40  Stalker x2  
  99  8:44  Photon Cannon  
  80  9:26  Archon x2  
  74  9:38  Zealot x2  
  74  9:39  Zealot x3  
  84  9:47  Probe x3, Gateway, Protoss Ground Armor Level 2 (Chrono Boost)  
  84  9:48  Gateway  
  84  9:49  Gateway  
  87  10:01  Stalker  
  87  10:02  Stalker x4  
  79  10:27  High Templar x4  
  79  10:28  High Templar  
  87  10:31  Probe x2 (Chrono Boost)  
  87  10:32  Probe (Chrono Boost)  
  88  10:47  Nexus  
  88  10:50  Stargate x2  
  88  10:54  Protoss Ground Weapons Level 3 (Chrono Boost), Stargate  
  88  11:00  Stalker  
  88  11:01  Stalker  
  92  11:07  Dark Shrine  
  92  11:09  Probe x2  
  94  11:15  Observer (Chrono Boost)  
  95  11:44  Pylon  
  95  11:47  Pylon  
  95  11:49  Assimilator  
  95  11:51  Fleet Beacon  
  95  11:53  Protoss Air Weapons Level 1 (Chrono Boost)  
  95  11:54  Void Ray (Chrono Boost)  
  95  11:55  Void Ray (Chrono Boost), Assimilator  
  103  12:12  Probe x3  
  103  12:15  Photon Cannon  
  106  12:19  Dark Templar  
  106  12:20  Dark Templar  
  110  12:36  Tempest (Chrono Boost)  
  110  12:37  Tempest (Chrono Boost)  
  118  12:58  Tempest (Chrono Boost)  
  122  13:01  Warp Prism (Chrono Boost)  
  120  13:20  Tempest  
  120  13:21  Tempest  
  118  13:34  Tempest  
  98  14:03  Tempest  
  98  14:06  Dark Templar  
  98  14:07  Dark Templar x2  
  98  14:08  Zealot  
  110  14:12  Probe x2  
  112  14:25  Mothership Core (Chrono Boost)  
  114  14:39  Tempest (Chrono Boost)  
  114  14:40  Tempest (Chrono Boost)  
  122  14:47  Zealot x2  
  77  15:52  High Templar x2  
  54  16:29  Photon Cannon  
  54  16:30  Photon Cannon  
  50  16:33  Photon Cannon  
Tags
 
Add a new tag
Caveats
  • Supply blocks, unpowered buildings, or Contaminate may cause inaccurate times.
  • Supply counts are checked every 10 seconds.